 Dungeon Crawl Stone Soup version 0.16.1-4-g8e1b745 (console) character file.

89 gw the Firebug (level 4, -1/36 HPs)
             Began as a Draconian Fire Elementalist on Mar 26, 2015.
             Slain by an orc priest
             ... wielding a +0 trident
              (2 damage)
             ... on level 3 of the Dungeon.
             The game lasted 00:03:19 (3509 turns).

gw the Firebug (Draconian Fire Elementalist)        Turns: 3509, Time: 00:03:19

Health: -1/36      AC: 10    Str: 10    XL:     4   Next: 31%
Magic:  0/9        EV: 12    Int: 17    God:
Gold:   79         SH:  0    Dex: 11    Spells: 3 memorised, 2 levels left

rFire  . . .     SeeInvis .     b - +0 short sword
rCold  . . .     Clarity  .     (armour unavailable)
rNeg   . . .     SustAb   .     (no shield)
rPois  .         Gourm    .     (helmet restricted)
rElec  .         Spirit   .     (no cloak)
rCorr  .         Warding  .     n - +1 pair of gloves
rMut   .         Stasis   .     g - +2 pair of boots
MR     .....                    (no amulet)
Stlth  ++........               (no ring)
                                (no ring)

@: very slightly contaminated, not resistant to hostile enchantments, unstealthy
A: unfitting armour, cold-blooded, AC +5
a: no special abilities


You were on level 3 of the Dungeon.
You were not hungry.

You visited 1 branch of the dungeon, and saw 3 of its levels.

You collected 79 gold pieces.

Inventory:

Hand weapons
 b - a +0 short sword (weapon)
Missiles
 a - 57 stones (quivered)
Armour
 g - a +2 pair of boots (worn)
 n - a +1 pair of gloves (worn)
Scrolls
 e - 2 scrolls of noise
 h - a scroll of recharging
 i - 3 scrolls of remove curse
Potions
 l - a potion of curing
Books
 f - a book of Flames

   Spells                             Type                      Level
   a - Flame Tongue                   Conjuration/Fire             1
   b - Throw Flame                    Conjuration/Fire             2
   c - Conjure Flame                  Conjuration/Fire             3
   d - Inner Flame                    Hexes/Fire                   3
   e - Sticky Flame                   Conjuration/Fire             4
   f - Fireball                       Conjuration/Fire             5
Comestibles
 c - a bread ration
 d - a royal jelly
 j - a meat ration


   Skills:
 + Level 1.8 Fighting
 + Level 2.4 Dodging
 - Level 1.7 Stealth
 * Level 3.2 Spellcasting
 - Level 1.0 Conjurations
 + Level 3.3 Fire Magic


You had 2 spell levels left.
You knew the following spells:

 Your Spells              Type           Power        Failure   Level  Hunger
a - Flame Tongue          Conj/Fire      ##...        10%         1    None
b - Throw Flame           Conj/Fire      ##....       14%         2    ##.....
c - Sticky Flame          Conj/Fire      ##......     82%         4    ####...


Dungeon Overview and Level Annotations

Branches:
Dungeon (3/15)

Altars:
Gozag


Innate Abilities, Weirdness & Mutations

Your plain brown scales are hard (AC +5).
Your body does not fit into most forms of armour.
Your cold-blooded metabolism reacts poorly to cold.


Message History

The flame tongue hits the orc priest.
The orc priest is lightly wounded.
The orc priest hits you but does no damage.
Unknown command.
Unknown command.
Unknown command.
Unknown command.
ATTACK MOVE TO (1,0)
You hit the orc priest.
The orc priest is moderately wounded.
The orc priest hits you with a trident!
Unknown command.
Unknown command.
Unknown command.
Unknown command.
ATTACK MOVE TO (1,0)
You hit the orc priest but do no damage.
The orc priest is moderately wounded.
The orc priest hits you with a trident.
You die...

## ... ## ###.## ###.#
##.....##...######
#.8...8.#.....(....
#.......#.do....)..
....._...()#........
#.......#.#.......
#.8...8.#.#.......
##.....##.#.###### ###.##
#.#.# #.
#.#.############### .
#.#>...............
#.#####.#.##########.....


You could see an orc priest.

Table legend:
 A = Turns spent in this place as a percentage of turns spent in the entire game.
 B = Non-inter-level travel turns spent in this place as a percentage of non-inter-level travel turns spent in the entire game.
 C = Inter-level travel turns spent in this place as a percentage of turns spent in this place.
 D = Turns resting spent in this place as a percentage of non-inter-level travel turns spent in this place.
 E = Turns spent auto-exploring this place as a percentage of non-inter-level travel turns spent in this place.
 F = Non-inter-level travel turns spent in this place divided by the number of levels of this place that you've seen.
                   A       B       C       D       E      F
               +-------+-------+-------+-------+-------+----------------------
         Total | 100.0 | 100.0 |   0.4 |   2.8 |   2.2 | 1466.7
       Dungeon | 100.0 | 100.0 |   0.4 |   2.8 |   2.2 | 1466.7
               +-------+-------+-------+-------+-------+----------------------

Table legend:
 A = Kills in this place as a percentage of kills in entire the game.
 B = Kills by you in this place as a percentage of kills by you in the entire game.
 C = Kills by friends in this place as a percentage of kills by friends in the entire game.
 D = Other kills in this place as a percentage of other kills in the entire game.
 E = Experience gained in this place as a percentage of experience gained in the entire game.
 F = Experience gained in this place divided by the number of levels of this place that you have seen.
                   A       B       C       D       E      F
               +-------+-------+-------+-------+-------+----------------------
         Total | 100.0 | 100.0 |  -nan |  -nan | 100.0 |  42.7
       Dungeon | 100.0 | 100.0 |  -nan |  -nan | 100.0 |  42.7
               +-------+-------+-------+-------+-------+----------------------

Vanquished Creatures
  4 adders
  5 giant geckos
  3 orcs (D:3)
  3 bats
  4 hobgoblins
  A quokka (D:2)
  6 giant cockroaches
  5 giant newts
  7 goblins
  4 kobolds
  4 rats
46 creatures vanquished.

Notes
Turn   | Place    | Note
--------------------------------------------------------------
     0 | D:1      | gw, the Draconian Fire Elementalist, began the quest for the Orb.
     0 | D:1      | Reached XP level 1. HP: 14/14 MP: 3/3
   444 | D:1      | Reached XP level 2. HP: 20/20 MP: 3/5
   470 | D:1      | Learned a level 2 spell: Throw Flame
  1590 | D:1      | Reached XP level 3. HP: 27/27 MP: 1/6
  1962 | D:2      | Reached skill level 1 in Fighting
  3144 | D:3      | Reached XP level 4. HP: 17/36 MP: 9/9
  3324 | D:3      | Learned a level 4 spell: Sticky Flame
  3486 | D:3      | Found an opulent altar of Gozag.
  3508 | D:3      | HP: 1/36 [orc priest/trident (9)]
  3509 | D:3      | Slain by an orc priest

Action                   |  1- 3 |  4- 6 || total
-------------------------+-------+-------++-------
Melee: Unarmed           |     3 |       ||     3
       Short sword       |    91 |     3 ||    94
Throw: Stone             |     5 |     5 ||    10
 Cast: Flame Tongue      |    42 |     5 ||    47
       Throw Flame       |    30 |     7 ||    37
  Use: Scroll            |     8 |       ||     8
       Potion            |     5 |       ||     5
  Eat: Chunk             |     7 |       ||     7
       Bread ration      |       |     1 ||     1

Vault maps used:
D:1:      dpeg_arrival_round_c, roderic_bali_sauvastika
D:2:      grunt_decor_mini_mirrors
D:3:      grunt_gozag_statues
